 Dungeon Crawl Stone Soup version 0.26.0-18-gc5c842f807 (webtiles) character file.

Game seed: 16665886012781505415

239 112233 the Sneak (level 6, -1/42 HPs)
             Began as an Octopode Brigand on Jan 22, 2021.
             Slain by a gnoll
             ... wielding a +0 spear
              (11 damage)
             ... on level 4 of the Dungeon.
             The game lasted 00:02:18 (3451 turns).

112233 the Sneak (Octopode Brigand)                 Turns: 3451, Time: 00:02:18

Health: -1/42      AC:  1    Str: 11 (12) XL:     6   Next: 7%
Magic:  6/6        EV: 14    Int: 11 (13) God:
Gold:   139        SH:  0    Dex: 13 (14) Spells: 5/5 levels left

rFire    . . .     SeeInvis .   u - +1 dagger (drain)
rCold    . . .     Faith    .   (no shield)
rNeg     . . .     Spirit   .   (helmet restricted)
rPois    .         Reflect  .   (no amulet)
rElec    .         Harm     .   (no ring)
rCorr    .         Rampage  .   (no ring)
Will     .....                  (no ring)
Stlth    ++++......             (no ring)
HPRegen  0.14/turn              (no ring)
MPRegen  0.10/turn              (no ring)
                                (no ring)
                                (no ring)

@: brilliant, attractive
A: almost no armour, stealthy swim, amphibious, 8 rings, constrict 8, camouflage
1, gelatinous body 1
a: no special abilities


You were on level 4 of the Dungeon.
You visited 1 branch of the dungeon, and saw 4 of its levels.

You collected 139 gold pieces.

Inventory:

Hand Weapons
 a - a +2 dagger
 u - a +1 dagger of draining (weapon)
Missiles
 b - 27 poisoned darts (quivered)
 c - 2 curare-tipped darts
Armour
 g - a +0 kite shield
Wands
 v - a wand of polymorph (9)
Scrolls
 e - 3 scrolls of teleportation {unknown}
 f - 3 scrolls of enchant weapon {unknown}
 h - 5 scrolls of blinking {unknown}
 j - 2 scrolls of noise {unknown}
 l - 2 scrolls of fear {unknown}
 m - 3 scrolls of identify {unknown}
 p - 2 scrolls of remove curse {unknown}
 t - 3 scrolls of magic mapping {unknown}
Potions
 n - a potion of invisibility {unknown}
 o - a potion of curing {unknown}
 q - a potion of magic {unknown}
 r - a potion of resistance {unknown}
 s - a potion of lignification {unknown}


   Skills:
 + Level 3.4 Fighting
 + Level 3.4 Short Blades
 - Level 2.0 Throwing
 + Level 2.9 Dodging
 + Level 6.7 Stealth


You had 5 spell levels left.
You didn't know any spells.
Your spell library contained the following spells:

 Spells                   Type           Power        Failure   Level
 Magic Dart               Conj           0%           34%         1
 Blink                    Tloc           N/A          47%         2
 Call Imp                 Summ           0%           47%         2
 Slow                     Hex            0%           47%         2
 Conjure Flame            Conj/Fire      0%           71%         3
 Mephitic Cloud           Conj/Pois/Air  0%           71%         3


Dungeon Overview and Level Annotations

Branches:
Dungeon (4/15)
 Temple: D:4-7

Altars:
Ru

Annotations:
D:4 Natasha


Innate Abilities, Weirdness & Mutations

You cannot wear most types of armour.
You are very stealthy in the water. (Stealth+)
You are amphibious.
You can wear up to eight rings at the same time.
You can use your tentacles to constrict eight enemies at once.
Your skin changes colour to match your surroundings (Stealth+).
Your rubbery body absorbs attacks. (AC +1, EV +1)


Message History

Unknown command.
The gnoll barely misses you.
You closely miss the gnoll. You grab the gnoll. You squeeze the gnoll!
You constrict the gnoll.
It was a potion of degeneration.
There was something very wrong with that liquid.
You feel weakened.
You feel dopey.
You feel clumsy.
You constrict the gnoll. The gnoll closely misses you.
The gnoll hits you from afar with a +0 spear!
It was a potion of attraction.
You feel attractive to monsters.
You constrict the gnoll.
You kill the gnoll!
The gnoll hits you from afar with a +0 spear!
* * * LOW HITPOINT WARNING * * *
The gnoll is pulled toward you!
It was a potion of brilliance.
You feel clever all of a sudden. The gnoll hits you with a +0 spear!
You die...

#.......#...##
#†............
#.............
###########..[.....
#.........'........
#.#########........
#.# #.....)..
#.#### #........
#.@g.# #........
####.# #########
#.)...... #.g......
#?....... .........
.##..#### . ... ..
.$..


You could see a gnoll.

Vanquished Creatures
  A necrophage (D:3)
  A hound zombie (D:3)
  2 gnolls (D:4)
  3 adders
  2 oozes
  2 dart slugs (D:3)
  2 worms (D:2)
  A leopard gecko (D:4)
  6 orcs (D:3)
  A ball python (D:3)
  6 bats
  7 giant cockroaches
  6 goblins
  8 hobgoblins
  6 jackals
  2 kobolds
  A quokka (D:2)
  4 frilled lizards (D:3)
  A leopard gecko skeleton (D:4)
  7 rats
69 creatures vanquished.

Notes
Turn   | Place    | Note
-------+----------+-------------------------------------------
     0 | D:1      | 112233 the Octopode Brigand began the quest for the Orb.
     0 | D:1      | Reached XP level 1. HP: 14/14 MP: 1/1
   568 | D:1      | Reached XP level 2. HP: 7/19 MP: 2/2
  1475 | D:2      | Reached XP level 3. HP: 25/25 MP: 3/3
  2143 | D:3      | Noticed a necrophage
  2148 | D:3      | Reached XP level 4. HP: 30/30 MP: 4/4
  2154 | D:3      | Killed a necrophage
  2155 | D:3      | Reached skill level 6 in Stealth
  2155 | D:3      | Reached XP level 5. HP: 21/36 MP: 5/5
  2574 | D:3      | Found a sacrificial altar of Ru.
  3443 | D:4      | Noticed Natasha
  3446 | D:4      | Reached XP level 6. HP: 31/42 MP: 6/6
  3451 | D:4      | Slain by a gnoll

Illustrated notes

Levels and vault maps discovered:
D:1:      giann_bridges, layout_basic, serial_glass, glass_columns_b,
          glass_columns_c
D:2:      layout_basic, kennysheep_generic_room_11
D:3:      layout_basic, nicolae_ru_the_path_less_chosen
D:4:      layout_basic, minmay_temple_entry_poolview, serial_shops,
          kennysheep_mini_moat, uniq_grinder, uniq_natasha

Skill      XL: |  1  2  3  4 |
---------------+-------------+-----
Dodging        | 2 |  2.9
Fighting       | 3 |  3.4
Short Blades   | 3 |  3.4
Stealth        | 6 |  6.7
Throwing       | |  2.0

Action                   |  1- 3 |  4- 6 || total
-------------------------+-------+-------++-------
Melee: Dagger            |    69 |    81 ||   150
       Constrict         |    16 |    19 ||    35
       Tentacles         |     6 |    14 ||    20
  Use: Potion            |       |     3 ||     3
 Stab: Sleeping          |    11 |    10 ||    21
       Distracted        |       |     1 ||     1
Armor: Skin              |     1 |     4 ||     5
Dodge: Dodged            |    31 |    37 ||    68
